 Dungeon Crawl Stone Soup version 0.28.0-43-g3370ac3207 (webtiles) character file.

Game seed: 2729381885637995730

8 NinjaNoafa the Chiller (level 2, -2/20 HPs)
             Began as a Ghoul Ice Elementalist on Apr 1, 2022.
             Slain by an endoplasm (3 damage)
             ... on level 1 of the Dungeon.
             The game lasted 00:01:41 (586 turns).

NinjaNoafa the Chiller (Ghoul Ice Elementalist)      Turns: 586, Time: 00:01:42

Health: -2/20      AC:  2    Str: 11    XL:     2   Next: 8%
Magic:  3/4        EV:  9    Int: 10    God:
Gold:   27         SH:  0    Dex:  9    Spells: 4/5 levels left

rFire   . . .      SeeInvis .   (no weapon)
rCold   + . .      Faith    .   (no shield)
rNeg    + + +      Spirit   .   a - +0 robe
rPois   ∞          Reflect  .   (no helmet)
rElec   .          Harm     .   (no cloak)
rCorr   .          Rampage  .   (no gloves)
Will    .....                   (no boots)
Stlth   ++........              (no amulet)
HPRegen 0.00/turn               (no ring)
MPRegen 0.09/turn               (no ring)

@: weak-willed, inhibited regen, constricted
A: claws 1, cold resistance 1, negative energy resistance 3, inhibited
regeneration, torment resistance 2
a: no special abilities


You were on level 1 of the Dungeon.
You visited 1 branch of the dungeon, and saw 1 of its levels.

You collected 27 gold pieces.

Inventory:

Armour
 a - a +0 robe (worn)
Potions
 c - a potion of magic {unknown}
 d - a potion of lignification {unknown}
 e - a potion of brilliance {unknown}


   Skills:
 + Level 0.1 Fighting
 - Level 1.9 Dodging
 + Level 2.4 Stealth
 + Level 0.0 Unarmed Combat
 + Level 2.0 Spellcasting
 + Level 4.5 Ice Magic


You had 4 spell levels left.
You knew the following spells:

 Your Spells              Type           Power      Damage    Failure   Level
a - Freeze                Ice            40%        1d6       4%          1

Your spell library contained the following spells:

 Spells                   Type           Power      Damage    Failure   Level
 Frozen Ramparts          Ice            20%        1d4       14%         3
 Ozocubu's Armour         Ice            10%        N/A       14%         3
 Hailstorm                Conj/Ice       5%         3d4       77%         4


Dungeon Overview and Level Annotations

Branches:
Dungeon (1/15)

Altars:


Innate Abilities, Weirdness & Mutations

You thrive by killing the living.
You are immune to poison.
You have sharp fingernails.
Your flesh is cold resistant. (rC+)
You are immune to negative energy. (rN+++)
You do not regenerate when monsters are visible.
You are immune to unholy pain and torment.


Message History

The kobold is severely wounded.
The endoplasm hits you but does no damage.
The kobold closely misses you.
You scratch the kobold but do no damage.
The kobold is severely wounded.
The endoplasm misses you. The kobold barely misses you.
Casting: Freeze (safe; 4% risk of failure)
Confirm with . or Enter, or press ? or * to list all spells.
You don't know that spell.
Casting: Freeze (safe; 4% risk of failure)
Confirm with . or Enter, or press ? or * to list all spells.
Aiming: Freeze (safe; 4% risk of failure)
Press: ? - help, Shift-Dir - straight line, f - endoplasm
Aim: an endoplasm You freeze the endoplasm.
The endoplasm is severely wounded.
The ball python bites you. The ball python grabs you.
The ball python constricts you. The endoplasm freezes you.
You are frozen.
You resist. The kobold hits you with a +0 whip. The ball python bites you.
The ball python constricts you.
You miss the kobold.
The kobold is severely wounded.
The endoplasm hits you.
* * * LOW HITPOINT WARNING * * *
The kobold barely misses you. The ball python barely misses you.
The ball python constricts you.
* * * LOW HITPOINT WARNING * * *
As you read the scroll labelled OHEEW OGRIERE, it crumbles to dust.
Magic quickly surges around you.
It was a scroll of vulnerability.
The endoplasm hits you.
* * * LOW HITPOINT WARNING * * *
The kobold hits you with a +0 whip.
* * * LOW HITPOINT WARNING * * *
The ball python bites you but does no damage.
The ball python constricts you.
You scratch the kobold but do no damage.
The kobold is severely wounded.
The endoplasm hits you.
You die...

.........>...
...######......... #
...##........ ...# .
...##...#........##.
........# #........
........# #.......#
######..###....#g.#
#.........#.#..SKJ#
#######........#@#
#...#...#..#.#
#............#
##.........#.##
#....##..#.#..#
####.##..# ##.#
#.....# #.# ####..##
#.# ######♣♣...# #.#


You could see an endoplasm (weak-willed), a hobgoblin (weak-willed), a ball
python (weak-willed) and a kobold (weak-willed).

Vanquished Creatures
  A ball python (D:1)
  A bat (D:1)
  A goblin (D:1)
  A hobgoblin (D:1)
  2 kobolds (D:1)
  2 rats (D:1)
8 creatures vanquished.

Notes
Turn   | Place    | Note
-------+----------+-------------------------------------------
     0 | D:1      | NinjaNoafa the Ghoul Ice Elementalist began the quest for
                  | the Orb.
     0 | D:1      | Reached XP level 1. HP: 14/14 MP: 2/2
   460 | D:1      | Reached XP level 2. HP: 20/20 MP: 0/3
   585 | D:1      | HP: 1/20 [kobold/+0 whip (1)]
   586 | D:1      | Slain by an endoplasm

Illustrated notes

Levels and vault maps discovered:
D:1:      sevenhm_arrival_forest_fort_small_5, layout_basic

Skill      XL: |  1  2 |
---------------+-------+-----
Spellcasting   | 2 |  2.0
Fighting       | |  0.1
Dodging        | |  1.9
Stealth        | |  2.4
Ice Magic      | |  4.5

Action                   || total
-------------------------++-------
Melee: Unarmed           ||    13
 Cast: Freeze            ||     7
  Use: Scroll            ||     1
Armor: Robe              ||     4
Dodge: Dodged            ||    23
